 Dungeon Crawl Stone Soup version 0.30-a0-329-g85436e0a43 (console) character file.

Game seed: 4538843522145527124

89 capslocke the Insei (level 4, 0/28 HPs)
             Began as an Octopode Transmuter on Oct 29, 2022.
             Slain by an orc wizard
             ... wielding a +0 dagger
              (1 damage)
             ... on level 3 of the Dungeon.
             The game lasted 00:06:45 (2117 turns).

capslocke the Insei (Octopode Transmuter)           Turns: 2117, Time: 00:06:45

Health: 0/28       AC:  5    Str: 11    XL:     4   Next: 55%
Magic:  7/7        EV: 13    Int: 15    God:
Gold:   76         SH:  0    Dex: 12    Spells: 5/8 levels left

rFire   . . .      SeeInvis .      - Unarmed
rCold   . . .      Faith    .    (no shield)
rNeg    . . .      Spirit   .    (helmet currently unavailable)
rPois   .          Reflect  .    (no amulet)
rElec   .          Harm     .    e - +4 ring of protection
rCorr   .          Rampage  .    (no ring)
Will    .....                    (no ring)
Stlth   ++........               (no ring)
HPRegen 0.24/turn                (no ring)
MPRegen 0.10/turn                (no ring)
                                 (no ring)
                                 (no ring)

@: mighty, appendages (expiring)
A: tentacle spike 3, almost no armour, amphibious, 8 rings, camouflage 1,
gelatinous body 1, (nimble swimmer 1), tentacles
a: End Transformation


You were on level 3 of the Dungeon.
One of your tentacles had grown a beastly spike.
You visited 1 branch of the dungeon, and saw 5 of its levels.

You collected 76 gold pieces.

Inventory:

Jewellery
 e - a +4 ring of protection (left tentacle)
Scrolls
 h - a scroll of fog {unknown}
 i - a scroll of teleportation {unknown}
 j - a scroll of immolation {unknown}
 l - a scroll of magic mapping {unknown}
Potions
 a - a potion of lignification
 f - a potion of flight
 k - a potion of heal wounds {unknown}


   Skills:
 + Level 1.0 Fighting
 + Level 2.1 Dodging
 + Level 4.3 Unarmed Combat
 + Level 2.6 Spellcasting
 + Level 2.5 Transmutations


You had 5 spell levels left.
You knew the following spells:

 Your Spells              Type           Power      Damage    Failure   Level
a - Beastly Appendage     Tmut           18%        N/A       7%          1
b - Wereblood             Tmut           9%         N/A       11%         2

Your spell library contained the following spells:

 Spells                   Type           Power      Damage    Failure   Level
 Magic Dart               Conj           4%         1d3       22%         1
 Call Imp                 Summ           1%         N/A       32%         2
 Spider Form              Tmut/Pois      5%         N/A       36%         3
 Mephitic Cloud           Conj/Pois/Air  1%         N/A       54%         3
 Ice Form                 Ice/Tmut       5%         N/A       77%         4


Dungeon Overview and Level Annotations

Branches:
Dungeon (5/15)             Temple (0/1) D:4

Altars:

Shops:
D:1 :


Innate Abilities, Weirdness & Mutations

One of your tentacles has grown a beastly spike.
You cannot wear most types of armour.
You are amphibious.
You can wear up to eight rings at the same time.
Your skin changes colour to match your surroundings (Stealth+).
Your rubbery body absorbs attacks. (AC +1, EV +1)
((You are camouflaged when in or above water. (Stealth+)))
You have tentacles for arms and can constrict up to eight enemies at once.


Message History

The orc shouts!
You tentacle-slap the orc. You grab the orc.
The orc is almost dead.
You constrict the orc, but do no damage.
The orc hits you with a +0 short sword.
* * * LOW HITPOINT WARNING * * *
The orc hits you but does no damage.
You tentacle-slap the orc.
You kill the orc!
The orc hits you but does no damage.
An orc comes into view. It is wielding a +0 war axe.
The orc shouts!
You tentacle-slap the orc but do no damage.
You grab the orc.
You pierce the orc!
You kill the orc!
Your transformation is almost over.
You aren't carrying any items that you can evoke.
As you read the scroll of identify, it crumbles to dust.
f - a potion of flight
As you read the scroll of identify, it crumbles to dust.
g - a potion of curing An orc wizard comes into view.
It is wielding a +0 dagger.
You feel better.
You barely miss the orc. Your grab misses the orc.
The orc hits you with a +0 whip.
You barely miss the orc. You grab the orc. You constrict the orc.
The orc closely misses you.
The orc wizard mumbles some strange words.
The orc wizard flickers and vanishes!
Deactivating autopickup; reactivate with Ctrl-A.
You barely miss the orc.
You pierce the orc.
You kill the orc!
The orc hits you with a +0 war axe!
* * * LOW HITPOINT WARNING * * *
Blink to where?
Press: ? - help, Dir - move target
Found a pair of boots.
As you read the scroll of blinking, it crumbles to dust.
Something hits you.
You die...

# ###########
....##....o)...#
#.[.!@..[)ยง>.#
####.........#
...........#
###.........#
#....)....#
###########


You could see an orc.

Vanquished Creatures
  2 adders
  A worm (D:2)
  3 dart slugs
  7 orcs
  4 ball pythons
  4 endoplasms
  2 giant cockroaches
  4 goblins (D:1)
  2 hobgoblins
  5 kobolds
  5 quokkas
  3 bats (D:2)
  A frilled lizard (D:2)
  7 rats
50 creatures vanquished.

Notes
Turn   | Place    | Note
-------+----------+-------------------------------------------
     0 | D:1      | capslocke the Octopode Transmuter began the quest for the
                  | Orb.
     0 | D:1      | Reached XP level 1. HP: 13/13 MP: 3/3
    47 | D:1      | Reached XP level 2. HP: 18/18 MP: 3/5
   486 | D:1      | Learned a level 2 spell: Wereblood
   502 | D:1      | Found Reur's Book Shoppe.
   547 | D:1      | Reached XP level 3. HP: 23/23 MP: 4/6
  1400 | D:2      | Reached skill level 4 in Unarmed Combat
  1550 | D:2      | Reached XP level 4. HP: 28/28 MP: 7/7
  1893 | D:3      | You fall into a shaft and drop 2 floors!
  1893 | D:5      | Entered Level 5 of the Dungeon
  1921 | D:4      | Noticed an ogre
  1929 | D:4      | Found a staircase to the Ecumenical Temple.
  2116 | D:3      | HP: 1/28 [orc/+0 war axe (10)]
  2117 | D:3      | Slain by an orc wizard

Illustrated notes

Levels and vault maps discovered:
D:1:      scummos_arrival_simple_crosswalls, layout_loops_cross, serial_shops,
          shop, chequers_serial_rivers_large_b
D:2:      cheibrodos_old_hovel, layout_loops_corners, minmay_heptomino_h4
D:3:      layout_rooms
D:4:      layout_rooms, minmay_temple_entry_butterflies
D:5:      layout_gridville, mainiacjoe_overflow_24_doors, dk_rats_in_the_wall,
          uniq_crazy_yiuf_cottage

Skill      XL: |  1  2  3 |
---------------+----------+-----
Unarmed Combat | 4 |  4.3
Fighting       | |  1.0
Dodging        | |  2.1
Spellcasting   | |  2.6
Transmutations | |  2.5

Action                   |  1- 3 |  4- 6 || total
-------------------------+-------+-------++-------
Melee: Unarmed           |    75 |    28 ||   103
       Constrict         |    19 |     9 ||    28
       Kick              |    19 |     9 ||    28
       Tentacles         |    13 |     3 ||    16
       Punch             |     1 |       ||     1
 Cast: Beastly Appendage |    19 |     6 ||    25
       Wereblood         |     1 |       ||     1
  Use: Scroll            |       |     6 ||     6
       Potion            |       |     2 ||     2
 Stab: Sleeping          |     9 |       ||     9
       Distracted        |     1 |       ||     1
Armor: Skin              |    10 |     9 ||    19
Dodge: Dodged            |    28 |    27 ||    55

Table legend: (Time is in decaauts)
 A = Elapsed time spent in this place.
 B = Non-inter-level travel time spent in this place.
 C = Inter-level travel time spent in this place.
 D = Time resting spent in this place.
 E = Time spent auto-exploring this place.
 F = Levels seen in this place.
 G = Mean time per level.
                   A        B        C        D        E       F      G
               +--------+--------+--------+--------+--------+-----+--------+
         Total |   2108 |   2033 |     75 |    159 |   1471 |   5 |  421.6 |
       Dungeon |   2108 |   2033 |     75 |    159 |   1471 |   5 |  421.6 |
               +--------+--------+--------+--------+--------+-----+--------+

Top non-repeatable levels by time:
     D:2: 988 daAuts
     D:1: 876 daAuts
     D:5: 161 daAuts
     D:4: 45 daAuts
     D:3: 36 daAuts
